 Dungeon Crawl Stone Soup version 0.30-a0-465-g8901f6c8b5 (webtiles) character file.

Game seed: 2230545253132099116

5411 vilhelmut the Cleaver (level 10, -6/88 HPs)
             Began as a Hill Orc Fighter on Dec 15, 2022.
             Was a Believer of Beogh.
             Mangled by a wraith (7 damage)
             ... on level 11 of the Dungeon on Dec 18, 2022.
             The game lasted 00:33:54 (5841 turns).

vilhelmut the Cleaver (Hill Orc Fighter)            Turns: 5841, Time: 00:33:55

Health: -6/88      AC: 15    Str: 30    XL:     10   Next: 67%
Magic:  0/10       EV: 12    Int: 12    God:    Beogh [**....]
Gold:   412        SH:  0    Dex: 10    Spells: 9/9 levels left

rFire   . . .      SeeInvis .    k - +9 halberd "Ogrebane" {venom, Fly rCorr Int+4}
rCold   . . .      Faith    .    (shield currently unavailable)
rNeg    . . .      Spirit   +    I - +1 plate armour
rPois   .          Reflect  .    (no helmet)
rElec   .          Harm     .    (no cloak)
rCorr   +          Rampage  .    (no gloves)
Will    .....                    (no boots)
Stlth   ..........               s - amulet of guardian spirit
HPRegen 0.34/turn                o - +4 ring of evasion
MPRegen 0.12/turn                q - +6 ring of strength

@: flying, slowed, very slow
A: no striking features
a: Renounce Religion, Smiting


You were on level 11 of the Dungeon.
You worshipped Beogh.
Beogh was pleased with you.
You visited 1 branch of the dungeon, and saw 11 of its levels.

You collected 412 gold pieces.

Inventory:

Hand Weapons
 k - the +9 halberd "Ogrebane" (weapon) {venom, Fly rCorr Int+4}
   (You found it on level 9 of the Dungeon)

   It poisons the flesh of those it strikes.
   Int:       It affects your intelligence (+4).
   Fly:       It grants you flight.
   rCorr:     It protects you from acid and corrosion.
 H - a +4 battleaxe
Armour
 b - a +0 scale mail
 c - a +0 buckler
 G - +0 steam dragon scales
 I - a +1 plate armour (worn)
Jewellery
 o - a +4 ring of evasion (left hand)
 q - a +6 ring of strength (right hand)
 r - a +6 ring of intelligence
 s - an amulet of guardian spirit (around neck)
Wands
 a - a wand of light (5)
 w - a wand of mindburst (17) (quivered)
 L - a wand of polymorph (2)
Scrolls
 e - 3 scrolls of identify
 f - a scroll of amnesia {unknown}
 h - a scroll of brand weapon {unknown}
 n - a scroll of enchant armour
 p - 3 scrolls of fog {unknown}
 u - 2 scrolls of poison
 y - a scroll of vulnerability {unknown}
 z - 2 scrolls of magic mapping {unknown}
 A - a scroll of butterflies {unknown}
 B - a scroll of torment {unknown}
 C - 2 scrolls of fear {unknown}
 D - 2 scrolls of enchant weapon
 J - a scroll of blinking {unknown}
Potions
 d - 5 potions of might
 i - 3 potions of curing
 l - 2 potions of lignification
 m - 2 potions of magic {unknown}
 t - 3 potions of attraction {unknown}
 v - a potion of brilliance {unknown}
 x - a potion of haste {unknown}
 E - a potion of flight {unknown}
 F - a potion of mutation {unknown}
 K - a potion of invisibility {unknown}
 M - a potion of cancellation


   Skills:
 + Level 8.2 Fighting
 + Level 12.6(13.2) Axes
 + Level 5.2(8.6) Polearms
 + Level 8.9 Armour
 + Level 2.5 Dodging
 + Level 0.5 Stealth
 + Level 5.9 Shields


You had 9 spell levels left.
You didn't know any spells.
Your spell library contained the following spells:

 Spells                   Type           Power      Damage    Failure   Level
 Gell's Gravitas          Tloc           0%         N/A       100%        3
 Hailstorm                Conj/Ice       0%         3d3       100%        3
 Inner Flame              Hex/Fire       0%         N/A       100%        3
 Kindle Blastsparks       Fire/Tloc/Air  0%         2d10      100%        3
 Teleport Other           Tloc           0%         N/A       100%        3
 Tukima's Dance           Hex            0%         N/A       100%        3
 Flame Wave               Conj/Fire      0%         2d4       100%        4
 Fulminant Prism          Conj/Hex       0%         3d5       100%        4
 Ice Form                 Ice/Tmut       0%         N/A       100%        4
 Iskenderun's Mystic Bla  Conj/Tloc      0%         2d3       100%        4
 Passage of Golubria      Tloc           0%         N/A       100%        4
 Sticky Flame             Conj/Fire      0%         2d3       100%        4
 Lee's Rapid Deconstruct  Erth           0%         3d4*      100%        5
 Yara's Violent Unravell  Hex/Tmut       0%         3d3       100%        5
 Dispersal                Tloc           0%         N/A       100%        6
 Simulacrum               Ice/Necr       0%         N/A       100%        6


Dungeon Overview and Level Annotations

Branches:
Dungeon (12/15)            Temple (0/1) D:6
   Lair: D:8-11         Orc: D:9-12

Altars:
Elyvilon
Fedhas
Kikubaaqudgha
Makhleb
Nemelex Xobeh
Qazlal
Uskayaw
Vehumet

Portals:
Bailey: D:9

Annotations:
D:9 Erolcha


Message History

A wraith is nearby!
A wraith comes into view.
You closely miss the wraith.
A centaur comes into view.
The wraith barely misses you.
The centaur moves out of view.
You puncture the wraith!
The wraith is heavily damaged.
The wraith hits you.
* * * LOW HITPOINT WARNING * * *
The wraith drains your vigour!
You feel yourself slow down.
You barely miss the wraith.
The wraith is heavily damaged.
The wraith hits you.
* * * LOW HITPOINT WARNING * * *
The wraith closely misses you.
The centaur shouts!
You impale the wraith!!
You destroy the wraith!
Beogh accepts your kill.
The centaur wields a +0 shortbow.
The centaur shoots an arrow.
The arrow hits you!
* * * LOW HITPOINT WARNING * * *
The centaur shoots an arrow.
The arrow hits you!
* * * LOW HITPOINT WARNING * * *
As you read the scroll labelled AXZEVO COJENOH, it crumbles to dust.
The creatures around you are filled with an inner flame!
It was a scroll of immolation.
The wraith hits you. The wraith drains your vigour!
You feel as though you will be slow longer.
The wraith hits you but does no damage.
You completely miss the wraith.
The wraith hits you but does no damage. x2
The centaur shoots an arrow.
The arrow hits you.
* * * LOW HITPOINT WARNING * * *
The centaur shoots an arrow.
The arrow closely misses you.
The centaur shoots an arrow.
The arrow hits you but does no damage. The wraith hits you!
* * * LOW HITPOINT WARNING * * *
The centaur shoots an arrow.
The arrow closely misses you.
The centaur shoots an arrow.
The arrow barely misses you. The wraith hits you!
You die...

.....................
#.#....#..........(..
#.#....#.......######
...............#
#####....#.......#
#.................
#.....cc)#.......#
#.?....Wc#########
#.....@..#
......##### #####


You could see a wraith (inner flame) and 3 centaurs.

Vanquished Creatures
  A catoblepas (D:8)
  A troll (D:11)
  2 vampires (D:11)
  A wraith (D:11)
  5 yaks (D:11)
  2 steam dragons (D:7)
  3 water moccasins
  2 ice beasts
  2 black bears
  An orc warrior (D:8)
  3 ogres
  2 centaurs
  A phantom (D:6)
  A gnoll sergeant (D:8)
  3 necrophages
  5 bullfrogs
  4 scorpions
  10 wights (D:9)
  A crimson imp (D:4)
  2 hounds
  3 orc priests
  A jelly (D:6)
  4 iguanas
  9 gnolls
  7 adders
  A shadow imp (D:6)
  2 white imps
  4 ufetubi
  A worm (D:4)
  3 dart slugs
  21 orcs
  5 ball pythons
  2 endoplasms
  5 giant cockroaches
  17 goblins
  10 hobgoblins
  8 jackals (D:1)
  7 kobolds
  4 quokkas
  7 bats
  6 frilled lizards
  4 rats
183 creatures vanquished.

Vanquished Creatures (others)
  4 plants (D:3)
4 creatures vanquished.

Grand Total: 187 creatures vanquished

Notes
Turn   | Place    | Note
-------+----------+-------------------------------------------
     0 | D:1      | vilhelmut the Hill Orc Fighter began the quest for the Orb.
     0 | D:1      | Reached XP level 1. HP: 19/19 MP: 1/1
    84 | D:1      | Reached XP level 2. HP: 22/27 MP: 2/2
   139 | D:1      | Reached skill level 3 in Axes
   239 | D:1      | Reached XP level 3. HP: 18/33 MP: 3/3
   524 | D:2      | Reached skill level 4 in Axes
   557 | D:2      | Reached XP level 4. HP: 40/40 MP: 4/4
   711 | D:2      | Found a faded altar of an unknown god.
  1110 | D:3      | Identified the +2 robe "Jacku" {Harm rC+ rCorr Int+2}
  1550 | D:4      | Found a sparkling altar of Nemelex Xobeh.
  1556 | D:4      | Found a stormy altar of Qazlal.
  1560 | D:4      | Found a blossoming altar of Fedhas.
  1562 | D:4      | Found a white marble altar of Elyvilon.
  1572 | D:4      | Found an ancient bone altar of Kikubaaqudgha.
  1601 | D:4      | Found a hide-covered altar of Uskayaw.
  1612 | D:4      | Reached XP level 5. HP: 45/46 MP: 5/5
  1701 | D:4      | Reached skill level 5 in Axes
  1771 | D:4      | Noticed an ogre
  1783 | D:4      | HP: 2/46 [ogre/+0 giant club (19)]
  1984 | D:3      | Killed an ogre
  1985 | D:3      | Reached skill level 1 in Dodging
  1985 | D:3      | Reached XP level 6. HP: 7/53 MP: 1/6
  2167 | D:4      | Found a radiant altar of Vehumet.
  2167 | D:4      | Found a burning altar of Makhleb.
  2214 | D:4      | Reached skill level 6 in Axes
  2253 | D:5      | Entered Level 5 of the Dungeon
  2296 | D:5      | Reached XP level 7. HP: 60/60 MP: 7/7
  2468 | D:5      | Reached skill level 5 in Fighting
  2468 | D:5      | Reached skill level 5 in Armour
  2592 | D:5      | Reached skill level 7 in Axes
  2594 | D:5      | Became a worshipper of Beogh the Brigand
  2847 | D:5      | Reached XP level 8. HP: 63/69 MP: 8/8
  3082 | D:6      | Reached skill level 8 in Axes
  3416 | D:6      | Reached * piety under Beogh
  3503 | D:6      | Reached skill level 9 in Axes
  3653 | D:6      | Found a staircase to the Ecumenical Temple.
  3760 | D:7      | Reached skill level 10 in Axes
  3760 | D:7      | Reached skill level 5 in Shields
  3760 | D:7      | Reached XP level 9. HP: 76/78 MP: 7/9
  4359 | D:8      | Upgraded the game from 0.30-a0-459-g9104f0fc43 to
                  | 0.30-a0-465-g8901f6c8b5
  4379 | D:8      | Reached skill level 11 in Axes
  4463 | D:8      | Found a sand-covered staircase.
  4661 | D:8      | Noticed a catoblepas
  4700 | D:8      | Killed a catoblepas
  4701 | D:8      | Reached skill level 12 in Axes
  4975 | D:8      | Reached XP level 10. HP: 20/88 MP: 5/10
  5346 | D:9      | Found a flagged portal.
  5353 | D:9      | Identified the +9 halberd "Ogrebane" {venom, Fly rCorr
                  | Int+4}
  5417 | D:9      | Reached ** piety under Beogh
  5423 | D:9      | Reached skill level 1 in Polearms
  5460 | D:9      | Noticed Erolcha
  5486 | D:9      | You are sucked into a shaft and drop 3 floors!
  5797 | D:11     | Reached skill level 5 in Polearms
  5797 | D:11     | Noticed a two-headed ogre
  5841 | D:11     | HP: 1/88 [wraith (6)]
  5841 | D:11     | Mangled by a wraith

Illustrated notes

Levels and vault maps discovered:
D:1:      ncdulo_wetmaze, layout_rooms
D:2:      layout_rooms, chequers_ecumenical_altar_simple,
          nicolae_figureground_pulse
D:3:      layout_loops_ring, serial_bayou, serial_bayou_crossing,
          serial_bayou_ford_a, serial_bayou_lagoon_b, serial_bayou_pond_a
D:4:      layout_rooms, grunt_temple_overflow_lords_of_destruction,
          nicolae_overflow_hallway_of_the_gods, eat_drink_and_be_merry_uskayaw,
          corner_web_ring, grunt_ministairs_13
D:5:      layout_cave_pods
D:6:      layout_basic, temple_doors_ab, serial_glass, glass_columns_a,
          glass_columns_c, feat_on_display, due_unseen_surprise,
          kennysheep_small_circle
D:7:      layout_rooms
D:8:      layout_basic, enter_ossuary_2
D:9:      layout_small_grid, lair_entry_dummy, enter_bailey_2, uniq_erolcha
D:11:     layout_basic, yredelemnul_altar_generic
D:12:     layout_long_grid

Skill      XL: |  1  2  3  4  5  6  7  8  9 10 |
---------------+-------------------------------+-----
Axes           | 3 4 5 6 7 10 12 | 12.6
Fighting       | 4 5 6 7 8 |  8.2
Armour         | 4 5 6 7 8 |  8.9
Dodging        | 1 2 |  2.5
Shields        | 4 5 |  5.9
Polearms       | 5 |  5.2
Stealth        | |  0.5

Action                   |  1- 3 |  4- 6 |  7- 9 | 10-12 || total
-------------------------+-------+-------+-------+-------++-------
Melee: War axe           |    95 |   214 |   264 |     2 ||   575
       Halberd           |       |       |       |    72 ||    72
Invok: Convert to Beogh  |       |       |     1 |       ||     1
  Use: Potion            |       |     4 |     2 |       ||     6
       Scroll            |       |       |     8 |     2 ||    10
Armor: Scale mail        |    63 |    96 |    58 |       ||   217
       Plate armour      |       |       |    44 |    44 ||    88
Dodge: Dodged            |    66 |   120 |   176 |    67 ||   429
Block: Buckler           |    38 |    51 |    66 |       ||   155

Table legend: (Time is in decaauts)
 A = Elapsed time spent in this place.
 B = Non-inter-level travel time spent in this place.
 C = Inter-level travel time spent in this place.
 D = Time resting spent in this place.
 E = Time spent auto-exploring this place.
 F = Levels seen in this place.
 G = Mean time per level.
                   A        B        C        D        E       F      G
               +--------+--------+--------+--------+--------+-----+--------+
         Total |   6009 |   2551 |   3458 |    759 |     41 |  11 |  546.3 |
       Dungeon |   6009 |   2551 |   3458 |    759 |     41 |  11 |  546.3 |
               +--------+--------+--------+--------+--------+-----+--------+

Top non-repeatable levels by time:
     D:8: 983 daAuts
     D:6: 868 daAuts
     D:3: 832 daAuts
     D:5: 798 daAuts
     D:4: 610 daAuts
     D:1: 505 daAuts
     D:7: 458 daAuts
     D:2: 444 daAuts
    D:11: 326 daAuts
     D:9: 146 daAuts
    D:12: 35 daAuts
